 Dungeon Crawl Stone Soup version 0.31-a0-229-g1fc7ce93e2 (webtiles) character file.

Game seed: 13684782703668840800

1024 qw the Skirmisher (level 8, -8/49 HPs)
             Began as a Gargoyle Hexslinger on July 6, 2023.
             Mangled by a two-headed ogre
             ... wielding a +0 giant spiked club
              (20 damage)
             ... on level 5 of the Dungeon.
             The game lasted 00:01:24 (4051 turns).

qw the Skirmisher (Gargoyle Hexslinger)             Turns: 4051, Time: 00:01:25

Health: -8/49      AC: 10    Str: 13      XL:     8   Next: 22%
Magic:  9/9        EV: 10    Int: 12 (13) God:
Gold:   222        SH:  0    Dex: 14      Spells: 8/9 levels left

rFire   + . .        Y - +4 orcbow
rCold   . . .        (shield currently unavailable)
rNeg    + . .        i - +0 ring mail
rPois   inf          (no helmet)
rElec   +            (no cloak)
rCorr   .            (no gloves)
SInv    .            (no boots)
Will    .....        d - amulet of faith
Stlth   +            a - ring of protection from fire
HPRegen 0.28/turn    (no ring)
MPRegen 0.11/turn

%: faith
@: no status effects
A: sickness immunity, AC +5, negative energy resistance 1, electricity
resistance, torment resistance 1, petrification resistance
a: no special abilities


You were on level 5 of the Dungeon.
You visited 1 branch of the dungeon, and saw 5 of its levels.

You collected 222 gold pieces.


Innate Abilities, Weirdness & Mutations

You are immune to sickness and miasma.
Your stone body is resilient. (AC +5)
You are immune to poison.
You resist negative energy. (rN+)
You are resistant to electric shocks. (rElec)
You are resistant to unholy torment.
You are immune to petrification.


   Skills:
 - Level 5.0 Fighting
 + Level 8.1 Ranged Weapons
 - Level 1.5 Armour
 - Level 1.5 Dodging
 - Level 1.0 Spellcasting
 - Level 2.6 Hexes


You had 8 spell levels left.
You knew the following spells:

 Your Spells              Type           Power      Damage    Failure   Level
a - Slow                  Hex            28%        N/A       22%         1

Your spell library contained the following spells:

 Spells                   Type           Power      Damage    Failure   Level
 Inner Flame              Hex/Fire       3%         N/A       73%         3
 Portal Projectile        Hex/Tloc       6%         N/A       73%         3
 Cause Fear               Hex            3%         N/A       91%         4

Inventory:

Hand Weapons
 Y - a +4 orcbow (weapon)
Armour
 i - a +0 ring mail (worn)
Jewellery
 a - a ring of protection from fire (left hand)
 d - an amulet of faith (around neck)
Scrolls
 c - a scroll of identify
 f - a scroll of revelation {unknown}
Potions
 b - 2 potions of haste
 e - a potion of enlightenment {unknown}
 g - a potion of cancellation
 h - a potion of invisibility {unknown}
 j - a potion of curing {unknown}

Dungeon Overview and Level Annotations

Branches:
Dungeon (5/15)
 Temple: D:4-7

Altars:
Dithmenos
Qazlal
Sif Muna
Xom

Shops:
D:1 =   D:5 (


Message History

HP restored.
You see here an iguana corpse.
You see here a +0 shortbow.
j - a viscous purple potion
Enter note:
Enter note:
Enter note:
Enter note:
Enter note:
Enter note:
Enter note:
Enter note:
Enter note: A two-headed ogre comes into view.
It is wielding two +0 giant spiked clubs.
Enter note:
Enter note:
Enter note:
Enter note:
Enter note:
Enter note:
Enter note:
Enter note:
Enter note: You shoot an arrow.
The arrow hits the two-headed ogre.
The two-headed ogre is lightly wounded.
You shoot an arrow. The arrow hits the two-headed ogre.
The two-headed ogre is lightly wounded.
You shoot an arrow. The arrow hits the two-headed ogre!
The two-headed ogre is heavily wounded.
You shoot an arrow. The arrow hits the two-headed ogre!
The two-headed ogre is heavily wounded.
You shoot an arrow. The arrow hits the two-headed ogre.
The two-headed ogre is severely wounded.
The two-headed ogre hits you with a +0 giant spiked club!
The two-headed ogre hits you with a +0 giant spiked club!!
You shoot an arrow.
The arrow barely misses the two-headed ogre.
The two-headed ogre closely misses you.
The two-headed ogre hits you with a +0 giant spiked club!!
You die...

#.# #.# #.# #.# #.# ..#
###
########################
................@O......
########################


You could see a two-headed ogre.

Vanquished Creatures
  Prince Ribbit (D:5)
  2 ice beasts (D:5)
  A centaur (D:5)
  An ogre (D:5)
  Blork the orc (D:5)
  2 scorpions
  A hound (D:5)
  3 iguanas
  Natasha (twice) (D:2)
  7 adders
  3 adder skeletons (D:2)
  2 adder zombies (D:2)
  2 worms
  4 dart slugs
  4 orcs (D:5)
  5 endoplasms
  A giant cockroach (D:2)
  4 goblins
  3 hobgoblins
  6 jackals
  4 quokkas
  2 ball pythons
  A ball python skeleton (D:2)
  4 bats
  5 frilled lizards
  3 kobolds
  A quokka zombie (D:2)
  4 rats
79 creatures vanquished.

Notes
Turn   | Place    | Note
-------+----------+-------------------------------------------
     0 | D:1      | qw the Gargoyle Hexslinger began the quest for the Orb.
     0 | D:1      | Reached XP level 1. HP: 12/12 MP: 2/2
     0 | D:1      | 0 ||| qw: Version: 0.3-a-46-gb1f654a
     0 | D:1      | 0 ||| qw: Game counter: 1130
     0 | D:1      | 0 ||| qw: Melee chars always use a shield: true
     0 | D:1      | 0 ||| qw: God list: Okawaru
     0 | D:1      | 0 ||| qw: Allow faded altars: false
     0 | D:1      | 0 ||| qw: Do Orc after clearing Dungeon:15 true
     0 | D:1      | 0 ||| qw: Do second Lair branch before Depths: true
     0 | D:1      | 0 ||| qw: Lair rune preference: random
     0 | D:1      | 0 ||| qw: Goals: Normal
     0 | D:1      | 0 ||| PLANNING D:1-11
   137 | D:1      | Reached XP level 2. HP: 16/16 MP: 3/3
   269 | D:1      | Found Doehoxu's Jewellery Shop.
   277 | D:1      | 277 ||| SHOPLISTING amulet of faith (440 gold, have 6).
   277 | D:1      | 277 ||| SHOPLISTING amulet of regeneration (330 gold, have
                  | 6).
   277 | D:1      | 277 ||| SHOPLISTING amulet of the acrobat (330 gold, have
                  | 6).
   277 | D:1      | 277 ||| SHOPLISTING ring "Xargh" {Wiz SInv} (453 gold, have
                  | 6).
   277 | D:1      | 277 ||| SHOPLISTING ring of positive energy (220 gold, have
                  | 6).
   286 | D:1      | Reached skill level 3 in Ranged Weapons
   634 | D:1      | 634 ||| UPGRADING to +0 ring mail.
   644 | D:1      | 644 ||| DROPPING +0 robe.
   645 | D:1      | 645 ||| DROPPING ring of magical power.
   646 | D:1      | 646 ||| READING scroll labelled PEBOUDGHAUNU.
   647 | D:1      | 647 ||| READING scroll labelled ESO MIDWUX.
   650 | D:1      | 650 ||| READING scroll labelled ADOARAUKEAM.
   651 | D:1      | 651 ||| DROPPING scroll of poison.
   654 | D:2      | Found a shimmering blue altar of Sif Muna.
   659 | D:2      | 659 ||| STAIRDANCE
   686 | D:2      | Reached XP level 3. HP: 20/21 MP: 4/4
   872 | D:2      | 872 ||| SWAPPING to +0 orcbow.
   873 | D:2      | 873 ||| DROPPING +2 sling.
   886 | D:2      | 886 ||| READING 3 scrolls of enchant weapon.
   886 | D:2      | 886 ||| ENCHANTING +0 orcbow.
   887 | D:2      | 887 ||| READING 2 scrolls of enchant weapon.
   887 | D:2      | 887 ||| ENCHANTING +1 orcbow.
   888 | D:2      | 888 ||| READING scroll of enchant weapon.
   888 | D:2      | 888 ||| ENCHANTING +2 orcbow.
   909 | D:2      | Reached XP level 4. HP: 24/26 MP: 5/5
   979 | D:2      | Reached skill level 4 in Ranged Weapons
  1000 | D:2      | Noticed Natasha
  1003 | D:2      | Killed Natasha
  1004 | D:2      | Reached skill level 1 in Armour
  1163 | D:2      | Noticed Natasha
  1169 | D:2      | Killed Natasha
  1170 | D:2      | Reached XP level 5. HP: 24/30 MP: 6/6
  1370 | D:2      | 1370 ||| UPGRADING to amulet of faith.
  1375 | D:2      | 1375 ||| UPGRADING to ring of protection from fire.
  1376 | D:2      | 1376 ||| READING scroll labelled YMAEVA DUASO.
  1377 | D:2      | 1377 ||| DRINKING 2 sedimented emerald potions.
  1378 | D:2      | 1378 ||| DRINKING 3 puce potions.
  1482 | D:2      | 1482 ||| DROPPING 2 potions of berserk rage.
  1818 | D:3      | 1818 ||| READING scroll of enchant weapon.
  1818 | D:3      | 1818 ||| ENCHANTING +3 orcbow.
  1860 | D:3      | Reached skill level 5 in Ranged Weapons
  1860 | D:3      | Found a faded altar of an unknown god.
  2109 | D:3      | Reached skill level 3 in Fighting
  2109 | D:3      | Reached XP level 6. HP: 37/37 MP: 7/7
  2227 | D:3      | 2227 ||| DROPPING amulet of magic regeneration.
  2228 | D:3      | 2228 ||| READING scroll labelled ROACAAPSECH.
  2229 | D:3      | 2229 ||| DRINKING 2 lumpy golden potions.
  2230 | D:3      | 2230 ||| DRINKING 2 silvery potions.
  2231 | D:3      | 2231 ||| DRINKING 3 lumpy pink potions.
  2261 | D:3      | 2261 ||| DROPPING potion of degeneration.
  2262 | D:3      | 2262 ||| DROPPING 2 potions of lignification.
  2482 | D:4      | Found a shimmering altar of Xom.
  2723 | D:4      | 2723 ||| Stepping ~*~*~tactically~*~*~ (outnumbered).
  2828 | D:4      | Found a shadowy altar of Dithmenos.
  2927 | D:4      | Found a stormy altar of Qazlal.
  3040 | D:4      | 3040 ||| READING scroll labelled MOAQIE COIRE.
  3067 | D:5      | Entered Level 5 of the Dungeon
  3113 | D:5      | Noticed an ice beast
  3120 | D:5      | Killed an ice beast
  3121 | D:5      | Reached skill level 6 in Ranged Weapons
  3200 | D:5      | Noticed an ice beast
  3209 | D:5      | HP: 8/37 [ice beast (14)]
  3210 | D:5      | Killed an ice beast
  3211 | D:5      | Reached XP level 7. HP: 9/44 MP: 8/8
  3443 | D:5      | Found Oriufu Xadd's Antique Weapon Boutique.
  3474 | D:5      | Noticed Blork the orc
  3475 | D:5      | 3475 ||| SHOPLISTING runed triple crossbow (338 gold, have
                  | 185).
  3484 | D:5      | Killed Blork the orc
  3699 | D:5      | Noticed Prince Ribbit
  3719 | D:5      | Killed Prince Ribbit
  3720 | D:5      | Reached skill level 7 in Ranged Weapons
  3720 | D:5      | Reached XP level 8. HP: 18/48 MP: 9/9
  3847 | D:5      | Reached skill level 8 in Ranged Weapons
  4045 | D:5      | Noticed a two-headed ogre
  4050 | D:5      | HP: 12/49 [two-headed ogre/+0 giant spiked club (21)]
  4051 | D:5      | Mangled by a two-headed ogre

Levels and vault maps discovered:
D:1:      dpeg_arrival_lava_temple_mockup, layout_basic, serial_shops,
          shop_statue, st_stairs_5, due_unseen_surprise
D:2:      layout_loops_ring, serial_undead, serial_undead_f, serial_undead_f,
          serial_undead_b, serial_undead_a, basic_altar, uniq_natasha
D:3:      layout_basic, shapermc_ecumenical_altar_rom_forum
D:4:      layout_basic, mainiacjoe_overflow_catwalk, marbit_many_paths,
          grunt_qazlal_clouds
D:5:      layout_basic, minmay_shop_grid_forest, uniq_prince_ribbit1,
          uniq_blork_the_orc

Skill      XL: |  1  2  3  4  5  6  7  8 |
---------------+-------------------------+-----
Ranged Weapons | 3 4 5 6 7 8 |  8.1
Fighting       | 2 3 4 5 |  5.0
Armour         | 1 |  1.5
Dodging        | |  1.5
Spellcasting   | |  1.0
Hexes          | |  2.6

Action                     |  1- 3 |  4- 6 |  7- 9 || total
---------------------------+-------+-------+-------++-------
   Fire: Sling             |   108 |       |       ||   108
         Orcbow            |     5 |   131 |    71 ||   207
    Use: Scroll            |     6 |     4 |       ||    10
         Potion            |       |     5 |       ||     5
 Armour: Ring mail         |    24 |    35 |     7 ||    66
         Robe              |     6 |       |       ||     6
  Dodge: Dodged            |    46 |    37 |    20 ||   103

Table legend:
 A = Non-vault XP
 B = Vault XP
 C = Vault XP percentage of total XP
 D = Non-vault monster count
 E = Vault monster count
 F = Vault count percentage of total count
                 A         B        C        D         E       F
            +---------+---------+-------+---------+---------+-------
      Total |    1024 |     440 |  30.1 |      66 |      13 |  16.5
            +---------+---------+-------+---------+---------+-------
        D:1 |      30 |       2 |   6.2 |      18 |       2 |  10.0
        D:2 |      76 |      63 |  45.3 |      10 |       8 |  44.4
        D:3 |     155 |       0 |   0.0 |      20 |       0 |   0.0
        D:4 |     103 |       2 |   1.9 |       7 |       1 |  12.5
        D:5 |     660 |     373 |  36.1 |      11 |       2 |  15.4
            +---------+---------+-------+---------+---------+-------
